Map: Blackrock LE

Players

TcUltimate

  • Race: Protoss Protoss
  • League: Grandmaster
  • Spawn Location: 7:00

Dragonite - Winner!

  • Race: Protoss Protoss
  • League: Grandmaster
  • Spawn Location: 1:00

VOD

Have the link to the VOD?

Description

Time

  • Played on: June 24, 2026, 6:22 a.m.
  • Length: 10:31
Show
View Real Time Build Order
Export as new Build Order

TcUltimate Protoss 

Build Orders: Mass Phoenix 

Get SALT Encoding   

  8  0:02  Probe  
  10  0:14  Probe  
  10  0:26  Pylon  
  10  0:27  Probe  
  11  0:39  Probe (Chrono Boost)  
  13  0:51  Probe (Chrono Boost)  
  13  0:54  Gateway  
  13  0:56  Probe (Chrono Boost)  
  14  1:06  Probe (Chrono Boost)  
  15  1:17  Probe (Chrono Boost), Assimilator  
  16  1:21  Probe (Chrono Boost)  
  16  1:23  Assimilator  
  17  1:32  Probe  
  18  1:38  Pylon  
  18  1:44  Probe  
  19  1:47  Cybernetics Core  
  19  1:56  Probe  
  19  1:58  Zealot  
  22  2:08  Probe  
  23  2:20  Probe  
  24  2:25  Warp Gate (Chrono Boost)  
  24  2:32  Probe  
  25  2:37  Adept  
  27  2:44  Probe  
  28  2:52  Nexus  
  28  2:56  Pylon  
  28  2:59  Probe  
  29  3:15  Probe, Stalker  
  32  3:25  Stargate  
  32  3:27  Probe  
  33  3:33  Stargate  
  33  3:39  Probe (Chrono Boost)  
  34  3:51  Probe (Chrono Boost)  
  33  3:57  Probe (Chrono Boost)  
  34  4:05  Probe (Chrono Boost)  
  40  4:11  Probe (Chrono Boost)  
  40  4:14  Probe (Chrono Boost)  
  40  4:16  Phoenix  
  39  4:17  Phoenix  
  39  4:19  Probe x2 (Chrono Boost)  
  39  4:20  Assimilator  
  43  4:28  Assimilator  
  45  4:32  Probe (Chrono Boost)  
  45  4:35  Probe (Chrono Boost)  
  45  4:36  Zealot  
  46  4:40  Pylon  
  46  4:42  Phoenix  
  47  4:46  Phoenix  
  49  4:54  Gateway  
  49  4:57  Gateway  
  49  5:07  Phoenix  
  49  5:09  Probe  
  49  5:11  Probe, Phoenix  
  55  5:17  Shield Battery  
  55  5:18  Zealot  
  57  5:22  Shield Battery  
  57  5:33  Pylon  
  57  5:37  Pylon  
  57  5:43  Phoenix  
  57  5:47  Probe  
  54  5:51  Phoenix  
  56  5:58  Adept  
  56  6:02  Probe  
  57  6:05  Zealot  
  54  6:18  Probe  
  52  6:19  Probe  
  51  6:27  Pylon  
  51  6:30  Probe (Chrono Boost)  
  51  6:32  Probe (Chrono Boost)  
  53  6:41  Probe (Chrono Boost)  
  53  6:42  Probe (Chrono Boost), Robotics Facility  
  53  6:46  Probe x2 (Chrono Boost)  
  54  6:53  Zealot  
  58  6:56  Probe  
  58  6:58  Probe  
  58  7:00  Stalker  
  60  7:08  Phoenix x2  
  60  7:12  Pylon x2  
  60  7:14  Shield Battery  
  60  7:15  Stalker  
  66  7:22  Pylon  
  66  7:25  Pylon  
  66  7:36  Stalker x2  
  70  7:38  Phoenix  
  70  7:39  Probe  
  67  7:47  Adept  
  67  7:56  Probe  
  65  7:59  Adept  
  65  8:01  Stalker  
  65  8:02  Probe  
  65  8:08  Probe  
  63  8:13  Adept  
  56  8:30  Stalker  
  56  8:31  Stalker  
  60  8:39  Stalker  
  60  8:40  Phoenix  
  62  8:48  Immortal (Chrono Boost)  
  65  8:56  Stalker  
  65  8:57  Zealot  
  61  9:07  Probe  
  61  9:08  Probe  
  57  9:19  Probe  
  57  9:20  Probe  
  59  9:32  Probe  
  59  9:37  Stalker x2  
  64  9:44  Sentry, Probe  
  67  9:48  Probe  
  65  9:56  Probe  
  64  10:00  Probe  
  64  10:06  Adept  
  58  10:08  Probe  
  58  10:12  Probe, Adept  
Show
View Real Time Build Order
Export as new Build Order

Dragonite Protoss - Winner!

Build Orders:  

Get SALT Encoding   

  8  0:00  Probe  
  9  0:12  Probe  
  10  0:24  Probe  
  11  0:30  Pylon  
  11  0:36  Probe (Chrono Boost)  
  12  0:48  Probe (Chrono Boost)  
  13  0:56  Probe (Chrono Boost)  
  14  0:57  Gateway  
  14  1:03  Probe (Chrono Boost)  
  15  1:14  Assimilator, Probe (Chrono Boost)  
  16  1:19  Probe (Chrono Boost)  
  17  1:29  Probe  
  18  1:41  Probe  
  18  1:45  Cybernetics Core  
  19  1:47  Pylon  
  19  1:53  Assimilator, Probe  
  20  2:08  Probe  
  21  2:20  Probe  
  21  2:21  Stalker (Chrono Boost)  
  24  2:23  Warp Gate  
  24  2:32  Probe  
  25  2:41  Nexus  
  25  2:44  Sentry  
  25  2:48  Probe  
  28  2:52  Pylon  
  28  3:00  Probe  
  29  3:10  Robotics Facility  
  29  3:19  Probe  
  30  3:30  Gateway  
  30  3:32  Gateway  
  30  3:34  Pylon  
  29  3:43  Probe  
  32  3:48  Sentry  
  32  3:54  Immortal (Chrono Boost)  
  32  3:56  Probe  
  37  4:03  Probe  
  37  4:08  Probe  
  39  4:12  Sentry  
  39  4:15  Pylon  
  41  4:20  Sentry  
  43  4:30  Warp Prism (Chrono Boost)  
  43  4:35  Gateway  
  43  4:37  Sentry  
  47  4:42  Adept  
  50  4:48  Adept  
  50  4:52  Pylon  
  51  4:59  Probe x2  
  53  5:11  Probe x2  
  55  5:23  Probe x2, Adept x3  
  55  5:27  Pylon  
  63  5:35  Probe x2  
  65  5:45  Stalker x2  
  65  5:46  Stalker  
  61  5:51  Stalker x3  
  63  6:07  Stalker  
  59  6:12  Probe x2  
  55  6:19  Stalker x2  
  51  6:33  Stalker x2  
  51  6:37  Gateway, Assimilator  
  51  6:38  Pylon  
  53  6:41  Gateway  
  52  6:52  Probe x2  
  54  6:56  Stalker  
  54  6:57  Stalker, Zealot x2  
  58  7:19  Stalker x4  
  66  7:27  Pylon  
  66  7:38  Stalker x2  
  66  7:39  Zealot x4  
  60  8:00  Stalker  
  60  8:01  Stalker x3  
  60  8:02  Zealot x2  
  64  8:16  Stalker  
  58  8:24  Stalker x2, Zealot  
  58  8:25  Zealot x2  
  64  8:41  Stalker  
  64  8:44  Stalker  
  64  8:45  Stalker  
  64  8:46  Stalker  
  64  8:47  Zealot x2  
  64  9:03  Stalker x2  
  66  9:11  Stalker x2  
  66  9:12  Zealot x2  
  70  9:29  Zealot x2  
  72  9:36  Adept x4  
  76  9:45  Pylon  
  76  9:56  Stalker x3  
  64  10:07  Zealot x3  
  70  10:20  Stalker x3  
Tags
 
Add a new tag
Caveats
  • Supply blocks, unpowered buildings, or Contaminate may cause inaccurate times.
  • Supply counts are checked every 10 seconds.